 Dungeon Crawl Stone Soup version 0.29.1-12-g30fa7ad0bf (webtiles) character file.

Game seed: 2972459081868310257

118 Thatpatchoflichen the Shooter (level 4, -6/37 HPs)
             Began as a Demigod Hunter on Jan 19, 2023.
             Blown up by Ijyb (17 damage)
             ... with a mindburst bolt
             ... on level 2 of the Dungeon.
             The game lasted 00:10:02 (2100 turns).

Thatpatchoflichen the Shooter (Demigod Hunter)      Turns: 2100, Time: 00:10:03

Health: -6/37      AC:  7    Str: 12    XL:     4   Next: 45%
Magic:  6/6        EV: 12    Int: 11    God:
Gold:   99         SH:  0    Dex: 21    Spells: 3/3 levels left

rFire   + . .      SeeInvis .   a - +0 shortbow
rCold   . . .      Faith    .   (shield currently unavailable)
rNeg    . . .      Spirit   .   g - +0 ring mail
rPois   .          Reflect  .   f - +0 helmet
rElec   .          Harm     .   (no cloak)
rCorr   .          Rampage  .   e - +0 pair of gloves
Will    .....                   (no boots)
Stlth   +.........              (no amulet)
HPRegen 0.12/turn               n - ring of protection from fire
MPRegen 0.10/turn               (no ring)

@: no status effects
A: high MP 1, forlorn, divine attributes
a: no special abilities


You were on level 2 of the Dungeon.
You visited 1 branch of the dungeon, and saw 3 of its levels.

You collected 99 gold pieces.

Inventory:

Hand Weapons
 a - a +0 shortbow (weapon)
 c - a +0 vorpal hand axe
 l - the +6 trident "Matuten" {speed, rC+ rN+ Will+ Int-3}
   (You found it on level 2 of the Dungeon)

   Attacks with this weapon are significantly faster.
   Int:       It affects your intelligence (-3).
   rC:        It protects you from cold.
   rN:        It protects you from negative energy.
   Will:      It increases your willpower.
Missiles
 o - 3 poisoned darts
Armour
 e - a +0 pair of gloves (worn)
 f - a +0 helmet (worn)
 g - a +0 ring mail (worn)
Jewellery
 n - a ring of protection from fire (left hand)
Scrolls
 b - a scroll of immolation
 h - 2 scrolls of amnesia {unknown}
 i - 4 scrolls of identify {unknown}
 m - a scroll of fear {unknown}
Potions
 d - a potion of heal wounds {unknown}
 j - a potion of ambrosia {unknown}
 k - a potion of curing


   Skills:
 + Level 2.8 Fighting
 - Level 4.0 Ranged Weapons
 + Level 1.8 Armour
 + Level 2.8 Dodging
 - Level 1.0 Stealth


You had 3 spell levels left.
You didn't know any spells.
Your spell library contained the following spells:

 Spells                   Type           Power      Damage    Failure   Level
 Shock                    Conj/Air       0%         1d3       61%         1
 Call Canine Familiar     Summ           0%         N/A       93%         3
 Portal Projectile        Hex/Tloc       0%         N/A       93%         3
 Swiftness                Air            0%         N/A       93%         3
 Airstrike                Air            0%         2d(0-16)  100%        4
 Leda's Liquefaction      Hex/Erth       0%         N/A       100%        4


Dungeon Overview and Level Annotations

Branches:
Dungeon (3/15)

Annotations:
D:2 Ijyb


Innate Abilities, Weirdness & Mutations

You have an increased reservoir of magic. (+10% MP)
You shall have no god before yourself.
Your divine heritage dramatically boosts your attributes as you level up.


Message History

You shoot an arrow. The arrow closely misses the adder.
Fire: a) +0 shortbow
Press: ? - help, Q - select action, (/) - cycle Shift-Dir - straight line, f/p - adder
Aim: an adder (50% to hit)
You shoot an arrow. The arrow hits the adder.
The adder is heavily wounded.
The adder barely misses you.
Fire: a) +0 shortbow
Press: ? - help, Q - select action, (/) - cycle Shift-Dir - straight line, f/p - adder
Aim: an adder (heavily wounded, 50% to hit)
You shoot an arrow. The arrow hits the adder.
The adder is almost dead.
The adder closely misses you. The adder bites you but does no damage.
Fire: a) +0 shortbow
Press: ? - help, Q - select action, (/) - cycle Shift-Dir - straight line, f/p - adder
Aim: an adder (almost dead, 50% to hit)
You shoot an arrow. The arrow closely misses the adder.
The adder bites you. x2
Fire: a) +0 shortbow
Press: ? - help, Q - select action, (/) - cycle Shift-Dir - straight line, f/p - adder
Aim: an adder (almost dead, 50% to hit)
You shoot an arrow. The arrow hits the adder.
You kill the adder!
You climb upwards.
There is a stone staircase leading down here.
HP restored.
Ijyb the Twisted Goblin comes into view.
She is wielding a +0 dagger, wearing a +0 leather armour of poison resistance and carrying a wand of mindburst (12).
Fire: a) +0 shortbow
Press: ? - help, Q - select action, (/) - cycle Shift-Dir - straight line, f - Ijyb
Aim: Ijyb, wielding a +0 dagger, wearing a +0 leather armour of poison resistance, quivering stones and carrying a wand of mindburst (12) (wandering, hasn't noticed you, 59% to hit)
You shoot an arrow.
Ijyb shouts!
The arrow hits Ijyb!
Ijyb is moderately wounded.
Ijyb zaps a wand.
Your mind is blasted!
Ouch! That really hurt!
Ijyb zaps a wand.
Your mind is blasted!
* * * LOW HITPOINT WARNING * * *
Ijyb zaps a wand.
Your mind is blasted!
You die...

.......#................
8.g...8#.#.##.###.......
.......#.#.##.###.#.####
8.....8#.#.##.#.(.#.#
.......#.#.##.#.###.##
8.....8#.....>†......#
.........#.###.####..# #
.........#.# #.# #..# #
#######@.#.# #.# #..# #
#..#.# #.# #..# # #..#.#
#.# #..### # #..#.# #.#
#..#.. # #..#.# #.#
#..#.# #..#.# #.# #..#.#
#..#.# #.# #..... #..#.#
#.# #†##.# ######
#..#.###.####.##.#


You could see Ijyb.

Vanquished Creatures
  Natasha (D:2)
  4 adders
  A dart slug (D:1)
  8 ball pythons
  2 bats (D:2)
  3 endoplasms
  A giant cockroach (D:1)
  8 goblins (D:2)
  4 hobgoblins
  3 jackals (D:2)
  6 kobolds
  3 quokkas
  3 frilled lizards (D:1)
  6 rats
53 creatures vanquished.

Notes
Turn   | Place    | Note
-------+----------+-------------------------------------------
     0 | D:1      | Thatpatchoflichen the Demigod Hunter began the quest for
                  | the Orb.
     0 | D:1      | Reached XP level 1. HP: 17/17 MP: 3/3
   146 | D:1      | Reached skill level 1 in Stealth
   308 | D:1      | Reached XP level 2. HP: 24/24 MP: 4/4
   419 | D:2      | Reached skill level 1 in Armour
   699 | D:1      | Reached XP level 3. HP: 29/29 MP: 5/5
  1317 | D:2      | Identified the +6 trident "Matuten" {speed, rC+ rN+ Will+
                  | Int-3}
  1433 | D:2      | Reached skill level 4 in Ranged Weapons
  1492 | D:2      | Noticed Natasha
  1500 | D:2      | Killed Natasha
  1501 | D:2      | Reached XP level 4. HP: 16/37 MP: 6/6
  2098 | D:2      | Noticed Ijyb
  2100 | D:2      | Blown up by Ijyb

Illustrated notes

Levels and vault maps discovered:
D:1:      minmay_arrival_four_houses, layout_loops_corners
D:2:      kennysheep_the_goblin_king, layout_basic, basic_altar,
          nicolae_ecumenical_oubliette, minmay_misc_feat_plants,
          minmay_tromino_v4_c, uniq_natasha
D:3:      layout_loops_cross, mainiacjoe_overflow_concentric_impassable,
          bloody_makhleb, nicolae_overflow_ecumenical_swirl, serial_shops,
          nicolae_shop_behind_doors

Skill      XL: |  1  2  3 |
---------------+----------+-----
Stealth        | 1 |  1.0
Fighting       | 2 |  2.8
Dodging        | 2 |  2.8
Armour         | 1 |  1.8
Ranged Weapons | 4 |  4.0

Action                   |  1- 3 |  4- 6 || total
-------------------------+-------+-------++-------
 Fire: Shortbow          |   118 |    43 ||   161
Armor: Leather armour    |     2 |       ||     2
       Ring mail         |    37 |    20 ||    57
Dodge: Dodged            |    50 |    28 ||    78
